 Dungeon Crawl Stone Soup version 0.20.1-1-g8b1a95d (webtiles) character file.

17 lemmily0 the Caller (level 2, 0/15 HPs)
             Began as a Tengu Summoner on Nov 1, 2017.
             Succumbed to an adder's poison
             ... on level 2 of the Dungeon on Nov 2, 2017.
             The game lasted 00:09:34 (984 turns).

lemmily0 the Caller (Tengu Summoner)                 Turns: 984, Time: 00:09:35

Health: 0/15       AC:  2    Str:  8    XL:     2   Next: 62%
Magic:  3/6        EV: 22    Int: 15    God:
Gold:   55         SH:  0    Dex: 21    Spells: 2/5 levels left

rFire    . . .     SeeInvis .   (no weapon)
rCold    . . .     Gourm    .   (no shield)
rNeg     . . .     Faith    .   a - +0 robe
rPois    .         Spirit   .   (helmet restricted)
rElec    .         Reflect  .   (no cloak)
rCorr    .         Harm     .   (no gloves)
MR       .....                  (boots unavailable)
Stlth    +++.......             (no amulet)
Regen    0.1/turn               (no ring)
MPRegen  0.1/turn               (no ring)

@: agile, lethally poisoned (0 -> -5), flying quickly and evasively, quick
A: beak, talons 3, agile 1
a: no special abilities


You were on level 2 of the Dungeon.
You were not hungry.

You visited 1 branch of the dungeon, and saw 2 of its levels.

You collected 55 gold pieces.

Inventory:

Hand Weapons
 h - a +0 dagger
 l - a +0 dagger
Missiles
 e - 46 stones (quivered)
 i - 13 bolts
 n - 6 poisoned needles
Armour
 a - a +0 robe (worn)
 j - a +1 helmet
Scrolls
 d - a scroll of teleportation {unknown}
 f - a scroll of enchant armour {unknown}
 k - 2 scrolls of identify {unknown}
 o - 3 scrolls of enchant weapon {unknown}
Potions
 g - a potion of agility
 m - a potion of flight
Books
 b - a book of Callings

   Spells                             Type                      Level
   a - Summon Small Mammal            Summoning                    1
   b - Call Imp                       Summoning                    2
   c - Call Canine Familiar           Summoning                    3
   d - Summon Guardian Golem          Hexes/Summoning              3
   e - Summon Lightning Spire         Summoning/Air                4
   f - Summon Ice Beast               Ice/Summoning                4
Comestibles
 c - a bread ration


   Skills:
 + Level 2.2 Dodging
 + Level 2.0 Stealth
 + Level 2.3 Spellcasting
 + Level 5.3 Summonings


You had 2 spell levels left.
You knew the following spells:

 Your Spells              Type           Power        Failure   Level  Hunger
a - Summon Small Mammal   Summ           ###.         2%          1    #......
b - Call Imp              Summ           ###.....     3%          2    ###....


Dungeon Overview and Level Annotations

Branches:
Dungeon (2/15)

Altars:


Innate Abilities, Weirdness & Mutations

You have a beak for a mouth.
You have claws for feet.
You are agile. (Dex +2)


Message History

Your quokka closely misses the adder.
Your crimson imp blinks!
Cast which spell? (? or * to list)
* * * LOW HITPOINT WARNING * * *
You feel sick. The adder barely misses you.
Your crimson imp blinks!
You swap places.
Your quokka misses the adder. The adder bites your crimson imp.
Your quokka bites the adder.
Your crimson imp hits the adder but does no damage.
It was a potion of agility.
You feel agile all of a sudden.
Your quokka bites the adder.
The adder barely misses your quokka.
Your quokka bites the adder.
The adder dies!
It was a potion of flight.
You feel very buoyant.
You swoop lightly up into the air.
It was a potion of mutation.
You feel extremely strange.
You feel frail.
You feel robust.
You feel agile.
You die...

#.............
#.#.#.########
#.#...#.. #
#.#.#.# #.#.#.#
#.#.#.# #.....#
#.#.######.#
#########
#.#rr5@....#
........#
#.########.# #.#
#r# #.# #ยง#
###.###.#
#.......#
#.#.###.########
#.#.............
# ##############


You could see a friendly crimson imp and 2 friendly quokkas.

Vanquished Creatures (collateral kills)
  An adder (D:2)
  An ooze (D:1)
  A leopard gecko (D:1)
  A bat (D:1)
  A giant cockroach (D:1)
  A goblin (D:1)
  3 hobgoblins (D:1)
  A frilled lizard (D:1)
  5 kobolds (D:1)
15 creatures vanquished.

Notes
Turn   | Place    | Note
-------+----------+-------------------------------------------
     0 | D:1      | lemmily0 the Tengu Summoner began the quest for the Orb.
     0 | D:1      | Reached XP level 1. HP: 10/10 MP: 4/4
   464 | D:1      | Reached skill level 5 in Summonings
   607 | D:1      | Reached XP level 2. HP: 13/15 MP: 3/6
   623 | D:1      | Learned a level 2 spell: Call Imp
   984 | D:2      | Gained mutation: You are frail. (-10% HP) [potion of mutation]
   984 | D:2      | Lost mutation: You are frail. (-10% HP) [potion of mutation]
   984 | D:2      | Gained mutation: You are agile. (Dex +2) [potion of mutation]
   984 | D:2      | Succumbed to an adder's poison

Skill      XL: |  1 |
---------------+----+-----
Summonings     | 5 |  5.3
Dodging        | |  2.2
Stealth        | |  2.0
Spellcasting   | |  2.3

Action                   || total
-------------------------++-------
Melee: Unarmed           ||     5
       Kick              ||     1
       Peck              ||     1
 Cast: Summon Small Mamm ||    19
       Call Imp          ||     4
  Use: Potion            ||     3
  Eat: Royal jelly       ||     1
Armor: Robe              ||    10
Dodge: Dodged            ||    19
